[Event "*** Titled Tuesday Blitz"]
[Site "Chess.com"]
[Date "2021.03.09"]
[Round "8"]
[White "olksuna"]
[Black "Gulkov_Igor"]
[Result "1/2-1/2"]
[WhiteElo "2666"]
[BlackElo "2546"]
[TimeControl "180+1"]
[EndTime "11:32:06 PST"]
[Termination "Game drawn by repetition"]

1. e4 c5 2. Nf3 d6 3. d4 cxd4 4.
Nxd4 Nf6 5. Nc3 a6 6. Be2 e6 7.
O-O Qc7 8. f4 b5 9. Bf3 Bb7 10.
e5 dxe5 11. fxe5 Nfd7 12. Bxb7 Qxb7 13. Kh1 Nc6 14. Nxc6 Qxc6 15. Qh5 g6 16. Qe2 Bg7 17. Bf4 b4 18. Ne4 Nxe5 19. Bxe5 Bxe5 20. Rxf7 Kxf7 21. Ng5+ Kf6 22. Rf1+ Kxg5 23. Qxe5+ Kh6 24. Qf4+ Kg7 25. Qf6+ Kh6 26. Rf4 Qd5 27. Rh4+ Qh5 28. Rxh5+ Kxh5 29. h4 Kh6 30. Qxe6 Rhe8 31. Qc4 a5 32. Qf4+ Kg7 33.
Qd4+ Kh6 34. Kh2 Rad8 35. Qf4+ Kg7 36. Qc7+ Kg8 37. Qxa5 Rd4 38. Qg5 Ree4 39. a3 bxa3 40. bxa3 Rxh4+ 41. Kg3 Rhe4 42. Qc5 Rc4 43. Qd5+ Kg7 44.
Qd7+ Kg8 45. Qd8+ Kg7 46. Qd7+ Kg8 47. Qd3 h5 48. c3 Kg7 49. Qd7+ Kf6 50. Qd6+ Kf7 51.
Qd7+ Kf6 52. Qd6+ Kf7 53. Qd3 g5 54. Qd7+ Kf6 55. Qd8+ Kg6 56. Qg8+ Kh6 57. Qh8+ Kg6 58. Qg8+ Kh6 59. Qh8+ Kg6 60. Qg8+ 1/2-1/2

[Event "*** Titled Tuesday Blitz"]
[Site "Chess.com"]
[Date "2021.03.09"]
[Round "8"]
[White "MerryPoppies"]
[Black "MasterMK73"]
[Result "1-0"]
[WhiteElo "2194"]
[BlackElo "2287"]
[TimeControl "180+1"]
[EndTime "11:32:06 PST"]
[Termination "MerryPoppies won on time"]

1. d4 d5 2. c4 e6 3. Nc3 c6 4. cxd5 exd5 5. Nf3 Nf6 6. Bf4 Bd6 7. e3 Bxf4 8. exf4 O-O 9. Ne5 Bf5 10. Bd3 Bxd3 11.
Qxd3 Nbd7 12. O-O Ne8 13. Qh3 Nxe5 14. fxe5 f6 15. Rfe1 fxe5 16. Rxe5 Nd6 17. Rae1 Nc4 18. Re7 Qd6 19. Qg4 Qf6 20. Qe6+ Qxe6 21. R1xe6 Rf7 22.
b3 Nb6 23. f3 Kf8 24. Rxf7+ Kxf7 25. Re2 Re8 26. Kf2 Rxe2+ 27. Kxe2 Ke6 28. Ke3 g5 29. g3 h5 30. h3 Nd7 31. f4 g4 32. hxg4 hxg4 33. Nd1 Kf5 34. Nf2 Nf6 35. b4 b6 36.
Nd3 Nh5 37. Ne5 Nxg3 38. Nxc6 a6 39. Ne7+ Ke6 40. Nc8 a5 41. bxa5 bxa5 42. Nb6 Ne4 43. Na4 g3 44. Kf3 Nd2+ 45. Kxg3 Nc4 46. Kg4 Ne3+ 47.
Kf3 Nc4 48. Nc5+ Kf5 49. Nd3 a4 50. Ne5 a3 51. Nc6 Nd2+ 52. Ke3 Nb1 53. Nb4 1-0

[Event "*** Titled Tuesday Blitz"]
[Site "Chess.com"]
[Date "2021.03.09"]
[Round "8"]
[White "floplover"]
[Black "Olga_Girya"]
[Result "0-1"]
[WhiteElo "2303"]
[BlackElo "2457"]
[TimeControl "180+1"]
[EndTime "11:32:07 PST"]
[Termination "Olga_Girya won by resignation"]

1. d4 d5 2. Nf3 Nf6 3. c4 c6 4.
Nc3 dxc4 5. a4 Bf5 6. Ne5 Nbd7 7. Nxc4 Nb6 8. Ne5 a5 9. e3 e6 10. Bd3 Bxd3 11. Nxd3 Be7 12. O-O O-O 13. Bd2 Nc4 14. Qc2 Nxd2 15. Qxd2 Nd5 16. Qe2 Nb4 17. Ne5 f6 18.
Nf3 Qd7 19. Qc4 Kh8 20. e4 Rad8 21. Rad1 Qc8 22. Rfe1 Rfe8 23. Qb3 Bf8 24. Re3 c5 25. Nb5 cxd4 26. Nfxd4 e5 27. Nf5 Rxd1+ 28. Qxd1 Rd8 29.
Qf1 Qc2 30. Re1 Bc5 31. Nc3 Rd2 32. Nd1 Nd3 33. Nfe3 Qxa4 34. Re2 Bxe3 35. Nxe3 Rxe2 36. Qxe2 Qa1+ 37. Nf1 Qb1 38. Qe3 h6 39. Qb6 Qxb2 40. Qd8+ Kh7 41. Qxd3 a4 42. h4 a3 43. h5 a2 44. Qg3 Qb5 45. Qa3 Qb1 46. Qg3 Qxe4 47. Qa3 Qb1 0-1

[Event "*** Titled Tuesday Blitz"]
[Site "Chess.com"]
[Date "2021.03.09"]
[Round "8"]
[White "rynos0411"]
[Black "Iskusnyh"]
[Result "0-1"]
[WhiteElo "2454"]
[BlackElo "2605"]
[TimeControl "180+1"]
[EndTime "11:32:08 PST"]
[Termination "Iskusnyh won by resignation"]

1. e4 e6 2. d4 d5 3. exd5 exd5 4.
Bd3 c5 5. dxc5 Bxc5 6. Nf3 Nf6 7. O-O O-O 8. Nc3 Nc6 9. Bg5 Be6 10. h3 h6 11. Bh4 a6 12. Ne2 g5 13. Bg3 Ne4 14.
c3 f5 15. Nfd4 Bd7 16. Nxc6 bxc6 17. Be5 Qe8 18. Bd4 Bd6 19. c4 c5 20. Bc3 d4 21.
Bxe4 Qxe4 22. Nxd4 cxd4 23. Re1 Qh4 24. Bxd4 Rad8 25.
Bg7 Bc6 26. Bxf8 Bh2+ 27. Kxh2 Rxd1 28. Raxd1 Kxf8 29. Rd8+ Kf7 30. g3 Qxc4 31. Rd6 Qc5 32. Rd2 h5 33. b3 h4 34. Red1 hxg3+ 35. fxg3 Qc3 36. Rf2 Be4 37. g4 Qc7+ 38. Kg1 Qg3+ 39. Kf1 Qxh3+ 40. Ke1 Qe3+ 41. Re2 Qg1+ 42. Kd2 Qd4+ 43.
Ke1 Qc3+ 44. Kf2 Kf6 45. gxf5 Kxf5 46. Rf1 g4 47. Kg1+ Bf3 48. Rfe1 Qc5+ 49. Re3 Kf4 50. Kf2 g3+ 0-1

[Event "*** Titled Tuesday Blitz"]
[Site "Chess.com"]
[Date "2021.03.09"]
[Round "8"]
[White "ukchessbomber"]
[Black "Kaslask"]
[Result "1-0"]
[WhiteElo "2540"]
[BlackElo "2354"]
[TimeControl "180+1"]
[EndTime "11:32:08 PST"]
[Termination "ukchessbomber won by resignation"]

1. e3 g6 2. c4 Bg7 3. d4 Nf6 4. h4 h6 5. Nc3 c5 6. d5 d6 7. e4 b5 8. cxb5 a6 9. bxa6 Qa5 10. Bd2 Bxa6 11. Nf3 Bxf1 12. Kxf1 Qa6+ 13. Qe2 Nbd7 14. a4 O-O 15. Qxa6 Rxa6 16. Ke2 Rb8 17. Rhb1 c4 18.
Be3 Ng4 19. Nd2 Nxe3 20. Kxe3 Rb4 21. a5 Nc5 22. Ra3 Nd3 23. Nxc4 Rxc4 24. Kxd3 Rd4+ 25. Ke2 Rb4 26. Kd3 Rd4+ 27. Kc2 Rb4 28. f3 f5 29. Rba1 Bxc3 30. Kxc3 Rb5 31. b4 fxe4 32. fxe4 Kf8 33.
Kc4 Rb8 34. b5 Raa8 35. b6 Ke8 36. Kd4 Kd7 37. Rb3 Ra6 38. e5 dxe5+ 39. Kxe5 Rf8 40. b7 Rb8 41. Ra4 Kc7 42. Rc4+ Kd7 43. Rc5 Ra7 44. Rcb5 Ra6 45. g4 Kc7 46. g5 hxg5 47. hxg5 Kd7 48.
R3b4 Kc7 49. Rb1 Kd7 50. Rh1 Ra7 51. Rh6 Rbxb7 52. Rxb7+ Rxb7 53. Rxg6 Rb2 54. Ra6 Re2+ 55. Kd4 Rg2 56. g6 Kc7 57. Re6 Kd7 58. a6 Ra2 59.
g7 Rg2 60. a7 1-0

[Event "*** Titled Tuesday Blitz"]
[Site "Chess.com"]
[Date "2021.03.09"]
[Round "8"]
[White "tylityli"]
[Black "TooOldTooSlow70"]
[Result "1-0"]
[WhiteElo "2255"]
[BlackElo "2459"]
[TimeControl "180+1"]
[EndTime "11:32:08 PST"]
[Termination "tylityli won by checkmate"]

1. d4 e6 2. c4 Ke7 3. Nc3 g6 4. e4 h6 5. f4 Kf6 6. Nf3 d6 7. e5+ Kg7 8. Bd3 Nc6 9. Be3 Nge7 10. O-O Nf5 11. Qe2 Be7 12. Rad1 Nb4 13. Bb1 d5 14. a3 Nc6 15. g4 Nxe3 16. Qxe3 dxc4 17. f5 exf5 18.
gxf5 Bxf5 19. d5 Nb8 20. Bxf5 gxf5 21. Nd4 Bg5 22. Nxf5+ Kf8 23. Qc5+ Be7 24. d6 cxd6 25. exd6 Bf6 26. d7+ Kg8 27. Qxc4 Nxd7 28. Ne4 Qb6+ 29.
Kh1 Ne5 30. Qd5 Kh7 31. Nfd6 Bg7 32. Nxf7 Rae8 33. Ned6 Re6 34. Qxe6 Qc6+ 35. Qd5 Qc2 36. Nxh8 Bxh8 37. Qe4+ Qxe4+ 38. Nxe4 Kg6 39. Rd8 Bg7 40. Rb8 Ng4 41. Rxb7 Be5 42. Rg1 Kf5 43. Rxg4 Kxg4 44.
Nc5 h5 45. Nd3 Bd4 46. Rb4 h4 47. Rxd4+ Kh3 48. Kg1 a5 49. Rd7 a4 50. Nc5 Kg4 51. Nxa4 Kh3 52. b4 Kg4 53. b5 Kf3 54. b6 Kg4 55. b7 Kh3 56. b8=Q Kg4 57. Qb4+ Kh3 58. Rd3# 1-0

[Event "*** Titled Tuesday Blitz"]
[Site "Chess.com"]
[Date "2021.03.09"]
[Round "8"]
[White "queen_iryna"]
[Black "Vandros57"]
[Result "0-1"]
[WhiteElo "2335"]
[BlackElo "2225"]
[TimeControl "180+1"]
[EndTime "11:32:09 PST"]
[Termination "Vandros57 won on time"]

1. e4 c5 2. Nf3 Nc6 3. Bb5 d6 4. Bxc6+ bxc6 5. O-O e5 6. c3 Be7 7. d4 cxd4 8. cxd4 exd4 9. Nxd4 Qc7 10. Nc3 Nf6 11.
Bf4 O-O 12. Rc1 Qb6 13. Na4 Qa6 14. Nxc6 Re8 15. Nxe7+ Rxe7 16. Qxd6 Qxd6 17. Bxd6 Rxe4 18. f3 Rxa4 19. Rfe1 Be6 20. a3 h5 21. Be5 Nd5 22. Bc3 Rc4 23. Bd2 Rac8 24. Kf2 Rxc1 25. Rxc1 Rxc1 26.
Bxc1 a6 27. g3 Kf8 28. Bd2 Ke7 29. Kg2 Kd6 30. h3 f6 31. g4 hxg4 32. hxg4 Kc5 33. Kg3 Kc4 34. f4 Kb3 35. g5 Kxb2 36. a4 Kb3 37.
gxf6 gxf6 38. a5 Ka4 39. Kh4 Bf5 40. Kh5 Bd3 41. Kh6 Nb4 42. Kg7 f5 43. Kf6 Kxa5 44. Ke5 Kb5 45. Kd4 Be4 46. Bc1 a5 47. Kc3 a4 48. Kb2 Nd5 49. Ka3 Bc2 50. Bd2 Kc4 51. Kb2 Bb3 52. Ka3 Kd4 53. Kb2 Ke4 54. Ka3 Nxf4 55.
Kb2 Nd5 56. Ka3 Ne3 0-1

[Event "*** Titled Tuesday Blitz"]
[Site "Chess.com"]
[Date "2021.03.09"]
[Round "8"]
[White "VitaliyBernadskiy"]
[Black "lachesisQ"]
[Result "0-1"]
[WhiteElo "2774"]
[BlackElo "3095"]
[TimeControl "180+1"]
[EndTime "11:32:10 PST"]
[Termination "lachesisQ won by resignation"]

1. d4 Nf6 2. c4 g6 3. Nc3 d5 4.
Nf3 Bg7 5. cxd5 Nxd5 6. Bg5 Nxc3 7. bxc3 c5 8. e3 Nc6 9. Bb5 O-O 10. O-O Bd7 11. Qe2 Rc8 12. Rab1 Na5 13. Rfd1 cxd4 14. Nxd4 Bxb5 15. Nxb5 Qe8 16. Nxa7 Rxc3 17. Qb5 Ra3 18. Qb4 Ra4 19. Qxe7 Qxe7 20. Bxe7 Re8 21. Bb4 Nc4 22. Nb5 Nb2 23. Nc7 Rb8 24. a3 Nxd1 25. Rxd1 Bf8 26.
Bxf8 Kxf8 27. Nb5 Rc8 28. g3 Rc5 29. Rb1 Rac4 30. Kg2 Rc1 31. Rb3 Ra1 32. Nd4 Rc7 33. h4 h5 34. Nf3 Ra2 35. Nd4 Kg7 36. Kf3 Rd7 37. Kg2 Re7 38. Kf3 Rc7 39. Kg2 Rd7 40. Kf3 Rd6 41. Kg2 Rf6 42. Nf3 b6 43. Rc3 Rb2 44.
Rd3 Rc6 45. Nd4 Rc5 46. Kf3 Ra5 47. Ne2 Rc5 48. Nf4 Rcc2 49. Rd7 Rxf2+ 50. Ke4 Ra2 51. Ne6+ Kg8 52. Rd8+ Kh7 53. Ng5+ Kg7 54. Rd3 Rf5 55. Rb3 b5 56. Rc3 Rg2 57. Rc7 Rxg3 58. Ne6+ Kg8 59.
Rc8+ Kh7 60. Nd4 Rg4+ 61. Kd3 Re5 62. Rc7 Kg8 63. Nc6 Re6 64. Nd8 Rd6+ 0-1

[Event "*** Titled Tuesday Blitz"]
[Site "Chess.com"]
[Date "2021.03.09"]
[Round "8"]
[White "rpragchess"]
[Black "AlexeiShirov"]
[Result "1/2-1/2"]
[WhiteElo "2924"]
[BlackElo "2850"]
[TimeControl "180+1"]
[EndTime "11:32:10 PST"]
[Termination "Game drawn by repetition"]

1. Nf3 d5 2. g3 g6 3. c4 c6 4. Qa4 e6 5. h4 Nf6 6. d3 Bg7 7.
Nc3 O-O 8. Bg2 d4 9. Ne4 Nxe4 10.
dxe4 h5 11. Bf4 Nd7 12. Bd6 Nb6 13. Qb4 a5 14. Qc5 e5 15. Nxe5 Re8 16. f4 Re6 17. Nxf7 Kxf7 18. e5 Rxd6 19. exd6 Nd7 20. Qa3 Qb6 21.
Qd3 Nc5 22. Qd2 Bf5 23. O-O Rd8 24. Kh2 Rxd6 25. Rad1 Re6 26. Bh3 Re3 27. Bxf5 gxf5 28. Rf3 Ne4 29. Qc2 Kg6 30. Rxe3 dxe3 31. Rd7 Qxb2 32.
Qd1 Qd2 33. Rxd2 exd2 34. Kg2 Bb2 35. Kf3 Bc1 36. Qb3 Nc3 37. Qxb7 d1=Q 38. Qxc6+ Kf7 39. Qc7+ Ke6 40. Qc8+ Qd7 41. Qg8+ Kd6 42. Qb8+ Qc7 43. Qf8+ Kc6 44. Qf6+ Kc5 45. Qxc3 Qc6+ 46. Kf2 Qh1 47. Qxa5+ Kxc4 48. Qxf5 Qh2+ 49. Kf3 Qh1+ 50. Kf2 Qh2+ 51. Kf3 Qh1+ 52. Kf2 1/2-1/2

[Event "*** Titled Tuesday Blitz"]
[Site "Chess.com"]
[Date "2021.03.09"]
[Round "8"]
[White "Frogo47"]
[Black "CrushingKings"]
[Result "0-1"]
[WhiteElo "2523"]
[BlackElo "2419"]
[TimeControl "180+1"]
[EndTime "11:32:11 PST"]
[Termination "CrushingKings won by resignation"]

1. e4 g6 2. d4 Bg7 3. c4 d6 4.
Nc3 Nd7 5. Be2 e5 6. d5 a5 7.
Be3 Nc5 8. g4 h5 9. g5 f5 10.
gxf6 Nxf6 11. f3 h4 12. Qd2 Nh5 13. O-O-O Nf4 14. Bf1 h3 15. Kb1 Bd7 16. Nge2 Ng2 17.
Bg5 Bf6 18. Bxf6 Qxf6 19. Ng1 Nf4 20. Nge2 Ng2 21. Ng1 Nf4 22. Nce2 O-O 23. Nxf4 Qxf4 24. Qxf4 Rxf4 25. Be2 Raf8 26. b3 b6 27. Kc2 g5 28. Re1 Kg7 29. Bd1 Kh6 30. Re3 R8f6 31. a3 Na6 32. Kc3 Nc5 33. b4 axb4+ 34. axb4 Nb7 35. Be2 Kh5 36. Kd2 Kh4 37. Ke1 Nd8 38. Bd1 Nf7 39. Kf2 Nh6 40. Ne2 Ng4+ 41. Ke1 Nxe3 42.
Nxf4 Rxf4 43. Be2 Ng2+ 44. Kd2 g4 45. fxg4 Bxg4 46. Bd3 Rf2+ 47. Kc3 Nf4 48. Bc2 Rf3+ 49. Kb2 Rf2 50. Kc3 Bf3 51. Re1 Rxh2 52. c5 bxc5 53.
bxc5 dxc5 54. Re3 Rxc2+ 55. Kxc2 h2 56. Rxf3 h1=Q 57. Rc3 Qxe4+ 0-1

[Event "*** Titled Tuesday Blitz"]
[Site "Chess.com"]
[Date "2021.03.09"]
[Round "8"]
[White "ShahMatKanal"]
[Black "Szparu"]
[Result "0-1"]
[WhiteElo "2499"]
[BlackElo "2655"]
[TimeControl "180+1"]
[EndTime "11:32:12 PST"]
[Termination "Szparu won by checkmate"]

1. d4 Nf6 2. c4 e6 3. a3 c5 4.
e3 b6 5. d5 Bb7 6. Nc3 d6 7.
g3 exd5 8. Bg2 Nbd7 9. cxd5 g6 10. Nh3 Bg7 11. O-O O-O 12. Ra2 Ne5 13. Nf4 Ba6 14. Re1 b5 15. h4 h5 16. b3 Rb8 17. Rd2 Re8 18. Bb2 Bc8 19. Qa1 Bd7 20. Nb1 a5 21. Rc1 a4 22. bxa4 Nc4 23. Rxc4 bxc4 24. Qa2 Bxa4 25. Qxc4 Bb3 26. Qc3 Ba2 27. Qc1 Bxb1 28.
Qxb1 Qa5 29. Qc2 Rxb2 30. Qxb2 Ne4 31. Qb7 Nxd2 32. Nh3 Qa8 33. Qd7 Qd8 34. Qc6 Ne4 35.
Bxe4 Rxe4 36. Ng5 Re7 37. a4 Bf6 38. Nf3 Rc7 39. Qb5 c4 40. Ne1 c3 41. Nc2 Qa8 42.
a5 Rc5 43. Qb6 Be7 44. a6 Qxd5 45. a7 Ra5 46. Qb8+ Kg7 47. Nd4 Ra1+ 48. Kh2 Qh1# 0-1

[Event "*** Titled Tuesday Blitz"]
[Site "Chess.com"]
[Date "2021.03.09"]
[Round "8"]
[White "chessdjw"]
[Black "Gerodot71"]
[Result "1-0"]
[WhiteElo "2739"]
[BlackElo "2584"]
[TimeControl "180+1"]
[EndTime "11:32:13 PST"]
[Termination "chessdjw won on time"]

1. e4 e5 2. Nf3 Nc6 3. Bb5 a6 4. Ba4 Nf6 5. O-O Be7 6. Re1 b5 7. Bb3 d6 8. c3 O-O 9. h3 Nb8 10. d4 Nbd7 11. Nbd2 Bb7 12. Bc2 Re8 13. Nf1 Bf8 14. Ng3 g6 15. a4 Bg7 16. Bd3 c6 17.
Bg5 h6 18. Be3 Qc7 19. Qd2 Kh7 20. b4 Rad8 21. axb5 axb5 22. dxe5 Nxe5 23. Nxe5 dxe5 24. Qe2 Nd7 25. Bc2 Nf8 26. h4 h5 27. Bb3 Ne6 28. Qf3 Nf4 29. Red1 Bf6 30. Rxd8 Rxd8 31. Nf1 Kg7 32.
g3 Nd3 33. Qe2 c5 34. bxc5 Nxc5 35. Bc2 Nxe4 36. Qxb5 Nxc3 37. Qb6 Qc8 38. Bb3 Nd5 39. Qb5 Bc6 40. Qc4 Bb7 41. Ra7 Nxe3 42. Nxe3 Qb8 43. Qxf7+ Kh6 44. Rxb7 Qxb7 45. Qxb7 1-0

[Event "*** Titled Tuesday Blitz"]
[Site "Chess.com"]
[Date "2021.03.09"]
[Round "8"]
[White "chesslh19"]
[Black "canary2016"]
[Result "1-0"]
[WhiteElo "2260"]
[BlackElo "2050"]
[TimeControl "180+1"]
[EndTime "11:32:14 PST"]
[Termination "chesslh19 won by checkmate"]

1. e4 c5 2. Nf3 d6 3. d4 cxd4 4. Nxd4 Nf6 5. Nc3 a6 6. Be2 e5 7. Nb3 Be7 8. O-O O-O 9. Be3 Be6 10. Qd2 Nc6 11. Rfd1 Qc7 12. Nd5 Bxd5 13. exd5 Na7 14. c4 b5 15. c5 Ne4 16. Qd3 f5 17. Rac1 Qd7 18. cxd6 Nxd6 19. Nc5 Qe8 20. Ne6 Rf6 21. Nc7 Qb8 22. Nxa8 Qxa8 23. Bg5 Rf7 24. Bxe7 Rxe7 25. Bf1 Nac8 26. Rc6 Qb7 27. b3 Rd7 28.
Qg3 Nf7 29. h3 Ncd6 30. a4 Ne4 31. Qe3 Rxd5 32. Rxd5 Qxc6 33. Rd1 Nfd6 34. axb5 axb5 35. Qd3 Qc5 36. Qd5+ Qxd5 37. Rxd5 Kf7 38. f3 Ke6 39.
fxe4 fxe4 40. Rd1 Nf5 41. Kf2 e3+ 42. Ke2 e4 43. g4 Nd4+ 44. Rxd4 Ke5 45. Kxe3 g5 46.
Rxe4+ Kd5 47. Bxb5 Kc5 48. Bc4 Kb6 49. Re6+ Kc7 50.
Re7+ Kd6 51. Rxh7 Ke5 52. h4 Kf6 53. hxg5+ Kxg5 54. Rg7+ Kh4 55. g5 Kg3 56. g6 Kg2 57. Rf7 Kg1 58. g7 Kh1 59. g8=Q Kh2 60. Rh7# 1-0

[Event "*** Titled Tuesday Blitz"]
[Site "Chess.com"]
[Date "2021.03.09"]
[Round "8"]
[White "kuli4ik"]
[Black "seorobert1971"]
[Result "1-0"]
[WhiteElo "2906"]
[BlackElo "2737"]
[TimeControl "180+1"]
[EndTime "11:32:15 PST"]
[Termination "kuli4ik won by resignation"]

1. Nf3 c6 2. g3 d5 3. Bg2 Nf6 4. O-O Bf5 5. c4 e6 6. d3 h6 7.
cxd5 exd5 8. Qb3 Qb6 9. Qc2 Bh7 10. Nc3 Nbd7 11. e4 dxe4 12. dxe4 Bb4 13. Be3 Qa5 14.
Nd4 O-O 15. f3 Rfe8 16. Bf2 Ne5 17. Rfd1 Rad8 18. Nb3 Qc7 19. Nb5 Qb8 20. Nxa7 g5 21.
h3 Bf8 22. a4 h5 23. Rxd8 Qxd8 24. Qd2 Qxd2 25. Nxd2 Nd3 26. Bd4 Nd7 27. a5 Ra8 28.
a6 bxa6 29. Nxc6 Rc8 30. Rxa6 N3c5 31. Na7 Rb8 32. Ra5 Ne6 33. Bc3 Bc5+ 34. Kh1 Bf2 35. Nf1 Ndc5 36. Nc6 Re8 37. Rb5 g4 38. hxg4 hxg4 39.
fxg4 Nxe4 40. Kh2 Nxc3 41. bxc3 Bd3 42. Rb8 Rxb8 43. Nxb8 Be1 44. Nd7 Bxc3 45. Ne3 Bd4 46. Nf5 Bxf5 47. gxf5 Nc5 48. Nb8 Kg7 49. Nc6 Bf6 50.
Bd5 Nd7 51. Kh3 Ne5 52. Nb4 Nd3 53. Nxd3 1-0

[Event "*** Titled Tuesday Blitz"]
[Site "Chess.com"]
[Date "2021.03.09"]
[Round "8"]
[White "OlifantCZ"]
[Black "woodhy"]
[Result "1/2-1/2"]
[WhiteElo "2298"]
[BlackElo "2453"]
[TimeControl "180+1"]
[EndTime "11:32:15 PST"]
[Termination "Game drawn by agreement"]

1. c4 e6 2. g3 Nf6 3. Bg2 c5 4. Nf3 Nc6 5. O-O d5 6. b3 d4 7. e3 d3 8. Bb2 Qc7 9. Ne1 Qd8 10. Nc3 e5 11. Qb1 Bf5 12. e4 Bg6 13. Nxd3 Be7 14.
Re1 O-O 15. Nd5 Re8 16. Nxe5 Nxd5 17. Nxg6 Ndb4 18. Nxe7+ Rxe7 19. Re3 Qxd2 20. Bc3 Qc2 21. a3 Qxb1+ 22. Rxb1 Nc2 23. Re2 N2d4 24. Bxd4 Nxd4 25.
Rd2 Rd8 26. Rbd1 Red7 27. Kf1 f6 28. f4 Kf7 29. b4 b6 30. Bh3 Re7 31. Bg2 Rde8 32.
bxc5 bxc5 33. Rb1 h5 34. Rdb2 g5 35. Rb7 gxf4 36. gxf4 Nc2 37. Rxe7+ Rxe7 38. Rb3 Rd7 39. e5 fxe5 40. fxe5 Rd1+ 41. Ke2 Ra1 42. Bd5+ Kf8 43. Rb8+ Ke7 44. Rb7+ Kd8 45. Rxa7 Nxa3 46. Kf2 Nc2 47. Rxa1 Nxa1 48. Kg3 Ke7 49. Kh4 Nc2 50. Kxh5 Ne1 51. h4 Nd3 52. Kg5 Nxe5 53. h5 Kf8 54. Kf6 Nd7+ 55.
Ke6 Nb6 56. Kd6 Nxc4+ 57. Bxc4 Kg7 58. Kxc5 Kh6 59. Be2 Kg7 60. Kd6 Kh8 1/2-1/2

[Event "*** Titled Tuesday Blitz"]
[Site "Chess.com"]
[Date "2021.03.09"]
[Round "8"]
[White "Oligan22"]
[Black "GoltsevDmitry2000"]
[Result "1/2-1/2"]
[WhiteElo "2489"]
[BlackElo "2686"]
[TimeControl "180+1"]
[EndTime "11:32:16 PST"]
[Termination "Game drawn - insufficient material"]

1. e4 c5 2. Nf3 e6 3. d4 cxd4 4. Nxd4 a6 5. Nc3 Qc7 6. Bd3 Nf6 7. Qe2 Bc5 8. Nb3 Bb4 9. Bd2 Nc6 10. f4 d6 11. g4 b5 12. g5 Nd7 13. a3 Bc5 14. h4 Bb7 15. O-O-O Ne7 16. h5 Rc8 17.
Kb1 Bb6 18. Be3 d5 19. exd5 Nxd5 20. Nxd5 Bxd5 21. Rhe1 O-O 22. g6 fxg6 23. hxg6 h6 24. f5 Nf6 25. fxe6 Rfe8 26. Qd2 Rxe6 27. Bxh6 gxh6 28. Qxh6 Qg7 29. Qh3 Rce8 30. Rh1 Bxh1 31. Rxh1 Re1+ 32. Ka2 Rxh1 33. Qxh1 Bc7 34. Qc6 Be5 35.
Nc5 Qe7 36. Nxa6 Qe6+ 37. Qxe6+ Rxe6 38. Bxb5 Kg7 39. Bd3 Nd5 40. Nc5 Rc6 41. Ne4 Kxg6 42. Nc3+ Kg5 43. Nxd5 Rd6 44. Nb4 Kf4 45. Kb3 Ke3 46.
Kc4 Bxb2 47. a4 Ba3 48. Nd5+ Kd2 49. a5 Rc6+ 50. Kd4 Bb2+ 51. Ke4 Rc5 52. a6 Ra5 53. Nc7 Be5 54. Nd5 Bd6 55. Kd4 Bc5+ 56. Ke4 Ba7 57.
Ke5 Rc5 58. Ke6 Kc1 59. Kd6 Kb2 60. Ne7 Rh5 61. Nc6 Bb6 62. Kd7 Rh6 63. Ne5 Kc3 64.
Nc4 Bd4 65. Nd6 Kb4 66. Nb5 Bc5 67. a7 Ra6 68. Kc7 Bxa7 69. Kb7 Rb6+ 70. Kxa7 Rxb5 71. Bxb5 Kxb5 72. Kb7 Kc4 73. Kc7 Kc3 74. Kc6 Kxc2 1/2-1/2

[Event "*** Titled Tuesday Blitz"]
[Site "Chess.com"]
[Date "2021.03.09"]
[Round "8"]
[White "BashirliSaadat"]
[Black "Barbus89"]
[Result "1-0"]
[WhiteElo "2180"]
[BlackElo "2227"]
[TimeControl "180+1"]
[EndTime "11:32:17 PST"]
[Termination "BashirliSaadat won by checkmate"]

1. e4 c6 2. c4 d5 3. exd5 cxd5 4. cxd5 Nf6 5. Nc3 g6 6. Bb5+ Bd7 7. Bxd7+ Nbxd7 8.
Nf3 Bg7 9. O-O O-O 10. d4 Nb6 11. Bg5 Nbxd5 12. Nxd5 Nxd5 13. Re1 Rc8 14. Qb3 h6 15.
Be3 Qd7 16. Rac1 e6 17. Red1 b6 18. Ne5 Bxe5 19. dxe5 Rxc1 20. Rxc1 Nxe3 21. Qxe3 Rc8 22. Qxh6 Rxc1+ 23. Qxc1 Qd4 24. g3 Qxe5 25. Qd2 Qb5 26. b3 e5 27. h4 Kg7 28. Qe3 Qa5 29. Qe2 Qd5 30. h5 gxh5 31. Qxh5 Qd4 32. Qe2 f5 33. Kg2 Kf6 34. f3 Ke6 35. Qc4+ Qxc4 36. bxc4 Kd6 37. g4 fxg4 38. fxg4 e4 39. Kf2 Ke6 40. Ke3 Ke5 41. g5 Kf5 42. g6 Kxg6 43. Kxe4 Kf6 44. Kd5 Ke7 45. Kc6 Ke6 46. Kb7 Kd6 47. Kxa7 Kc5 48. a4 Kc6 49. Ka6 Kc5 50. Kb7 Kxc4 51. Kxb6 Kb4 52. a5 Kc4 53. a6 Kb4 54. a7 Kc4 55. a8=Q Kb4 56. Qa5+ Kc4 57. Qc5+ Kd3 58. Qb4 Ke3 59. Kc5 Kf3 60. Kd5 Kg3 61. Ke5 Kf2 62. Qc3 Ke2 63. Ke4 Kd1 64. Qb2 Ke1 65. Ke3 Kf1 66. Qf2# 1-0

[Event "*** Titled Tuesday Blitz"]
[Site "Chess.com"]
[Date "2021.03.09"]
[Round "8"]
[White "Anna_ChessMate"]
[Black "jacky72"]
[Result "0-1"]
[WhiteElo "2577"]
[BlackElo "2733"]
[TimeControl "180+1"]
[EndTime "11:32:18 PST"]
[Termination "jacky72 won by resignation"]

1. d4 Nf6 2. c4 g6 3. g3 Bg7 4. Bg2 O-O 5. Nc3 d6 6. Nf3 Nc6 7.
O-O Bf5 8. Ne1 e5 9. d5 Ne7 10. e4 Bd7 11. Nd3 Ne8 12. f4 f5 13. fxe5 dxe5 14. Nc5 Nd6 15. exf5 gxf5 16. Bg5 Nxc4 17.
Nxb7 Qe8 18. d6 Ng6 19. Bd5+ Be6 20. d7 Qxd7 21. Nc5 Qd6 22. Bxe6+ Kh8 23. Qxd6 Nxd6 24. Nd7 Rfe8 25. Bxf5 e4 26. Bxg6 hxg6 27. Bf6 Nc4 28.
Rae1 e3 29. Bxg7+ Kxg7 30. b3 Nd2 31. Rf4 Rad8 32. Nc5 g5 33. Rf5 Kg6 34. g4 Rd4 35. h3 Rf4 36. Kg2 Nf3 37. Rxf4 Nxe1+ 38. Kf1 gxf4 39.
Kxe1 f3 40. Nd5 Kg5 41. Nd3 Kh4 42. N5f4 Kg3 43. g5 e2 44. g6 f2+ 45. Nxf2 Kxf4 46.
g7 Kf3 47. Ng4 Rg8 48. Ne5+ Ke4 49. Nc4 Rxg7 50. Kxe2 Rg2+ 51. Kd1 Rxa2 52. Kc1 Rh2 53. Na5 Kd3 54. Nc6 Rc2+ 0-1

[Event "*** Titled Tuesday Blitz"]
[Site "Chess.com"]
[Date "2021.03.09"]
[Round "8"]
[White "lamomiablanca"]
[Black "frederiksvane"]
[Result "0-1"]
[WhiteElo "2424"]
[BlackElo "2660"]
[TimeControl "180+1"]
[EndTime "11:32:18 PST"]
[Termination "frederiksvane won by checkmate"]

1. e4 c5 2. d3 g6 3. g3 Bg7 4. Bg2 Nc6 5. f4 b5 6. Nf3 d6 7.
O-O Bb7 8. a4 b4 9. Nbd2 e6 10.
Nc4 Nge7 11. e5 Nc8 12. exd6 Nxd6 13. Nce5 Nxe5 14. fxe5 Nf5 15. Bg5 Qd7 16. Qd2 h6 17. Bf6 Bxf6 18. exf6 Rc8 19. Qf2 Bxf3 20. Bxf3 Qd4 21.
Be4 h5 22. b3 Qxf6 23. Kh1 O-O 24. Rae1 Qd4 25. Qe2 Kg7 26. Rf2 a5 27. Ref1 Nd6 28. Bg2 Rce8 29. Rf4 Qc3 30. g4 hxg4 31. Rxg4 f5 32.
Rg3 Qf6 33. Rg1 Rh8 34. Rf3 Rh6 35. h3 Reh8 36. Bf1 Nf7 37. Rfg3 f4 38. Rg4 Ne5 39.
Rg5 Rxh3+ 40. Bxh3 Rxh3+ 41. Qh2 Rxh2+ 42. Kxh2 Nf3+ 43. Kh3 Nxg5+ 44. Kg4 Qf5+ 45. Kh4 e5 46. Rg4 Nf3+ 47. Kh3 Qh5+ 48. Rh4 Qxh4+ 49. Kg2 Qg3+ 50. Kf1 Qg1+ 51. Ke2 Qe3+ 52. Kf1 Nd2+ 53. Kg2 Qg3+ 54. Kh1 Nf3 55. d4 Qh2# 0-1

[Event "*** Titled Tuesday Blitz"]
[Site "Chess.com"]
[Date "2021.03.09"]
[Round "8"]
[White "Omk124"]
[Black "GMJustin"]
[Result "1-0"]
[WhiteElo "2456"]
[BlackElo "2271"]
[TimeControl "180+1"]
[EndTime "11:32:18 PST"]
[Termination "Omk124 won by checkmate"]

1. e4 c5 2. Nf3 e6 3. d4 cxd4 4. Nxd4 Nc6 5. g3 d5 6. Bg2 Qb6 7. Nxc6 bxc6 8. O-O Nf6 9. exd5 cxd5 10. b3 Be7 11.
Bb2 O-O 12. Nd2 Bb7 13. c4 Rfd8 14. Qe2 Rac8 15. Rfd1 Ba6 16. Bf1 dxc4 17. Nxc4 Bxc4 18. Rxd8+ Rxd8 19. bxc4 Ne4 20. Qxe4 Qxb2 21. Qb1 Qd4 22. Qe1 Bc5 23. Rb1 g6 24. Qe2 Qc3 25. Rd1 Rxd1 26. Qxd1 Kg7 27. Qb3 Qd4 28. Qc2 a5 29. Bd3 f5 30.
Kg2 e5 31. Bf1 e4 32. h3 h5 33. h4 Kf6 34. Qe2 Qc3 35. Qd1 Bd4 36. Qe2 a4 37. c5 Qxc5 38. Qa6+ Kg7 39. Qxa4 Bxf2 40.
Qd7+ Kh6 41. Qd2+ Be3 42. Qd8 Bd4 43. Qf8+ Bg7 44. Qxc5 Bf6 45. Qe3+ Kg7 46. a4 Kf7 47. a5 Ke7 48. a6 Kd7 49. a7 Kc7 50. a8=Q Kd7 51. Qea7+ Ke6 52. Qc6+ Ke5 53. Qac7+ Kd4 54. Qc3+ Kd5 55. Q7c6# 1-0